 Dungeon Crawl Stone Soup version 0.22-a0-135-g6f012ad (webtiles) character file.

128 mortelune the Chiller (level 4, -1/30 HPs)
             Began as a Demonspawn Ice Elementalist on Feb 2, 2018.
             Slain by an orc wizard
             ... wielding a +0 club
              (2 damage)
             ... on level 3 of the Dungeon.
             The game lasted 00:07:13 (3082 turns).

mortelune the Chiller (Demonspawn Ice Elementalist) Turns: 3082, Time: 00:07:14

Health: -1/30      AC:  7    Str: 12    XL:     4   Next: 87%
Magic:  0/8        EV: 11    Int: 17    God:
Gold:   178        SH:  0    Dex: 13    Spells: 2/8 levels left

rFire    . . .     SeeInvis .   v - +0 rapier
rCold    . . .     Gourm    .   (no shield)
rNeg     . . .     Faith    .   a - +0 robe
rPois    .         Spirit   +   u - +1 hat
rElec    .         Reflect  .   (no cloak)
rCorr    +         Harm     .   j - +0 pair of gloves
MR       .....                  d - +0 pair of boots
Stlth    +.........             (no amulet)
HPRegen  0.10/turn              h - +3 ring of strength
MPRegen  0.22/turn              s - ring of resist corrosion

@: confused, heavily drained
A: thin metallic scales 1, magic shield, magic regeneration
a: no special abilities


You were on level 3 of the Dungeon.
You were not hungry.

You visited 1 branch of the dungeon, and saw 3 of its levels.

You collected 178 gold pieces.

Inventory:

Hand Weapons
 l - a +0 dagger
 v - a +0 rapier (weapon)
Missiles
 p - 6 exploding tomahawks (quivered)
Armour
 a - a +0 robe (worn)
 d - a +0 pair of boots (worn)
 j - a +0 pair of gloves (worn)
 u - a +1 hat (worn)
Jewellery
 h - a +3 ring of strength (left hand)
 n - an uncursed ring of protection from cold
 s - a ring of resist corrosion (right hand)
Scrolls
 f - a scroll of fog {unknown}
 i - 3 scrolls of remove curse
 m - a scroll of enchant armour {unknown}
 o - a scroll of teleportation {unknown}
Potions
 e - a potion of curing {unknown}
 k - a potion of cancellation {unknown}
 q - a potion of ambrosia {unknown}
 t - a potion of degeneration {unknown}
Books
 b - a book of Frost

   Spells                             Type                      Level
   a - Freeze                         Ice                          1
   b - Throw Frost                    Conjuration/Ice              2
   c - Ozocubu's Armour               Charms/Ice                   3
   d - Throw Icicle                   Conjuration/Ice              4
   e - Summon Ice Beast               Ice/Summoning                4
Comestibles
 c - 5 rations
 r - a chunk of flesh


   Skills:
 - Level 2.2(0.7) Dodging
 - Level 1.7(0.2) Stealth
 + Level 2.9(1.4) Spellcasting
 + Level 2.3(0.8) Conjurations
 * Level 3.8(2.3) Ice Magic


You had 2 spell levels left.
You knew the following spells:

 Your Spells              Type           Power        Failure   Level  Hunger
a - Freeze                Ice            #...         9%          1    ##.....
b - Throw Frost           Conj/Ice       #.....       16%         2    ###....
c - Ozocubu's Armour      Chrm/Ice       #.......     36%         3    ####...


Dungeon Overview and Level Annotations

Branches:
Dungeon (3/15)

Altars:


Innate Abilities, Weirdness & Mutations

You are partially covered in thin metallic scales. (AC +2)
When hurt, damage is shared between your health and your magic reserves.
You regenerate magic rapidly.


Message History

The orc barely misses you.
The orc wizard gestures at you while chanting.
You are more confused.
The orc wizard hits you but does no damage. x2
There is a stone staircase leading down here.
The orc wizard hits you with a dagger.
* * * LOW HITPOINT WARNING * * *
The orc wizard mumbles some strange words.
The orc wizard blinks!
The orc wizard casts a spell.
The orc wizard blinks!
The orc wizard barely misses you. The orc closely misses you.
The orc wizard hits you but does no damage.
Your magical contamination has completely faded away.
Something hits you.
* * * LOW HITPOINT WARNING * * *
Something shocks you.
* * * LOW HITPOINT WARNING * * *
The orc wizard barely misses you. The orc wizard hits you with a club.
You die...

### #<#
###### #.#
....... #.#
##.......
#.###........
#.@oo........
#..o.........
#............
#..<.........
#.#†#>.......
#.#..........
#.#.#.#######
#.#.#...
#.#.#.#.#


You could see 2 orc wizards and an orc.

Vanquished Creatures
  Natasha (twice) (D:2)
  3 adders
  An ooze (D:2)
  A worm (D:2)
  3 leopard geckos (D:1)
  An orc (D:3)
  3 giant cockroaches
  5 goblins
  3 hobgoblins (D:1)
  A quokka (D:2)
  8 bats
  9 kobolds
  2 rats
42 creatures vanquished.

Notes
Turn   | Place    | Note
-------+----------+-------------------------------------------
     0 | D:1      | mortelune the Demonspawn Ice Elementalist began the quest for the Orb.
     0 | D:1      | Reached XP level 1. HP: 13/13 MP: 3/3
   456 | D:1      | Gained mutation: When hurt, damage is shared between your health and your magic reserves. [demonic ancestry]
   456 | D:1      | Reached XP level 2. HP: 19/19 MP: 3/5
   478 | D:1      | Learned a level 2 spell: Throw Frost
   675 | D:1      | Reached skill level 3 in Ice Magic
  1200 | D:1      | Gained mutation: You regenerate magic rapidly. [demonic ancestry]
  1200 | D:1      | Reached XP level 3. HP: 24/24 MP: 6/6
  1609 | D:2      | Learned a level 3 spell: Ozocubu's Armour
  1882 | D:2      | Noticed Natasha
  1900 | D:2      | Killed Natasha
  1900 | D:2      | Gained mutation: You are partially covered in thin metallic scales. (AC +2) [demonic ancestry]
  1900 | D:2      | Reached XP level 4. HP: 10/30 MP: 0/8
  2353 | D:2      | Noticed Natasha
  2366 | D:2      | Killed Natasha
  3064 | D:3      | Noticed a sky beast
  3082 | D:3      | HP: 1/30 [something (1)]
  3082 | D:3      | Slain by an orc wizard

Vault maps used:
D:1:      minmay_arrival_open_corners, minmay_nonomino_d4
D:2:      uniq_natasha
D:3:      lemuel_angel_altar

Skill      XL: |  1  2  3 |
---------------+----------+-----
Dodging        | 2 |  2.2
Ice Magic      | 3 |  3.8
Conjurations   | 2 |  2.3
Stealth        | |  1.7
Spellcasting   | |  2.9

Action                   |  1- 3 |  4- 6 || total
-------------------------+-------+-------++-------
Melee: Unarmed           |     4 |       ||     4
       Dagger            |    20 |     5 ||    25
       Rapier            |       |     4 ||     4
Throw: Tomahawk          |     1 |       ||     1
 Cast: Freeze            |    35 |    26 ||    61
       Throw Frost       |     8 |    15 ||    23
  Use: Scroll            |       |     2 ||     2
       Potion            |       |     2 ||     2
  Eat: Chunk             |     4 |     5 ||     9
Armor: Robe              |    16 |    18 ||    34
Dodge: Dodged            |    40 |    28 ||    68

Table legend:
 A = Spawn XP
 B = Non-spawn XP
 C = Spawn XP percentage of total XP
 D = Spawn monster count
 E = Non-spawn monster count
 F = Spawn count percentage of total count
 G = Total turns spent on level
                    A         B        C        D         E        F      G
               +---------+---------+-------+---------+---------+-------+---------
         Total |       0 |     184 |   0.0 |       0 |      42 |   0.0 |  3082
               +---------+---------+-------+---------+---------+-------+---------
           D:1 |       0 |      44 |   0.0 |       0 |      24 |   0.0 |  1604
           D:2 |       0 |     121 |   0.0 |       0 |      15 |   0.0 |  1270
           D:3 |       0 |      19 |   0.0 |       0 |       3 |   0.0 |   208
               +---------+---------+-------+---------+---------+-------+---------
